TOP OF THE 1ST |
Amarillo ThunderHeads batting - Pitching for Oakland Oaks : RHP Roberto Benavides
|
Pitching: RHP Roberto Benavides
|
|
Batting: SHB Zack Barton
|
0-0: Ball 1-0: Called Strike 1-1: Foul Ball, location: 2F 1-2: Foul Ball, location: 2F 1-2: Strikes out swinging
|
Batting: LHB Santino Pisanello
|
0-0: Ball 1-0: Foul Ball, location: 2F 1-1: Ball 2-1: Ground out 3-1 (Groundball, 34S, EV 73.8 MPH)
|
Batting: RHB Jerry Foster
|
0-0: Called Strike 0-1: Ball 1-1: Ball 2-1: Swinging Strike 2-2: Ball 3-2: Foul Ball, location: 2F 3-2: Strikes out swinging
|
Top of the 1st over - 0 runs, 0 hits, 0 errors, 0 left on base; Amarillo 0 - Oakland 0 |
BOTTOM OF THE 1ST |
Oakland Oaks batting - Pitching for Amarillo ThunderHeads : RHP Jose Vela
|
Pitching: RHP Jose Vela
|
|
Batting: RHB Chris Bohm
|
0-0: Ball 1-0: Foul Ball, location: 2F 1-1: Foul Ball, location: 2F 1-2: Foul Ball, location: 2F 1-2: Ball 2-2: Ball 3-2: Foul Ball, location: 2F 3-2: DOUBLE (Line Drive, 7LD, EV 107.5 MPH)
|
Batting: RHB Scott Lister
|
0-0: Ball Wild Pitch! Chris Bohm to third 1-0: Fly out, F8 (Flyball, 8LD, EV 93.8 MPH) Runner from 3rd tags up, SCORES, throw by CF
|
Batting: SHB D.J. Codd
|
0-0: Called Strike 0-1: SOLO HOME RUN (Flyball, 7D, EV 97.5 MPH), Distance : 388 ft
|
Batting: RHB Shannon Beck
|
0-0: Called Strike 0-1: SINGLE (Flyball, 6MD, EV 97.5 MPH)
|
Batting: RHB Todd Vanasco
|
0-0: Called Strike 0-1: SINGLE (Line Drive, 4MD, EV 103.1 MPH) Shannon Beck to second
|
Batting: RHB Tim Cordle
|
0-0: Ball 1-0: SINGLE (Flyball, 89S, EV 90.0 MPH) Shannon Beck to third Todd Vanasco to second Runner from 3rd tries for Home, SAFE, throw by RF to home
|
Batting: LHB Alejandro Muniz
|
0-0: Called Strike 0-1: SINGLE (Groundball, 6MD, EV 96.9 MPH) Todd Vanasco to third Tim Cordle to second Runner from 3rd tries for Home, SAFE, throw by CF to home Tim Cordle to third Alejandro Muniz to second
|
Batting: RHB Travis Robinson
|
0-0: Ball Passed Ball! Tim Cordle scores Alejandro Muniz to third 1-0: Ball 2-0: Ball 3-0: Called Strike 3-1: Called Strike 3-2: Ground out U3 (Groundball, 34D, EV 107.5 MPH) Alejandro Muniz scores
|
Batting: RHB Larry Clark
|
0-0: Foul Ball, location: 2F 0-1: Ball 1-1: Ball 2-1: Ball 3-1: Base on Balls
|
Batting: RHB Chris Bohm
|
0-0: Ball 1-0: Ball Passed Ball! Larry Clark to second 2-0: Ball 3-0: Called Strike 3-1: Foul Ball, location: 2F 3-2: Fly out, F3 (Popup, 3S, EV 69.4 MPH)
|
Bottom of the 1st over - 6 runs, 6 hits, 0 errors, 1 left on base; Amarillo 0 - Oakland 6 |
TOP OF THE 2ND |
Amarillo ThunderHeads batting - Pitching for Oakland Oaks : RHP Roberto Benavides
|
Batting: RHB Sal Cervantes
|
0-0: Called Strike 0-1: Ball 1-1: Ball 2-1: Foul Ball, location: 2F 2-2: Fly out, F3 (Popup, 34, EV 60.0 MPH)
|
Batting: RHB Bill Flannery
|
0-0: Ball 1-0: Ball 2-0: Ball 3-0: Called Strike 3-1: Ground out 6-3 (Groundball, 6, EV 83.8 MPH)
|
Batting: RHB Elias Sagrero
|
0-0: Ball 1-0: Ball 2-0: Ball 3-0: Called Strike 3-1: Swinging Strike 3-2: Strikes out swinging
|
Top of the 2nd over - 0 runs, 0 hits, 0 errors, 0 left on base; Amarillo 0 - Oakland 6 |
BOTTOM OF THE 2ND |
Oakland Oaks batting - Pitching for Amarillo ThunderHeads : RHP Jose Vela
|
Batting: RHB Scott Lister
|
0-0: Swinging Strike 0-1: Swinging Strike 0-2: Ball 1-2: Foul Ball, location: 2F 1-2: Foul Ball, location: 2F 1-2: Ball 2-2: Ball 3-2: Hit by Pitch
|
Batting: SHB D.J. Codd
|
0-0: Ball 1-0: Ball 2-0: Ball 3-0: Called Strike 3-1: Called Strike 3-2: Foul Ball, location: 2F 3-2: Base on Balls Scott Lister to second
|
Batting: RHB Shannon Beck
|
0-0: Ball 1-0: Swinging Strike 1-1: Foul Ball, location: 2F 1-2: Ball 2-2: Foul Ball, location: 2F 2-2: DOUBLE (Line Drive, 78D, EV 107.5 MPH) Scott Lister scores D.J. Codd to third
|
Pitching: LHP Loo Lei
|
|
Batting: RHB Todd Vanasco
|
0-0: Ball 1-0: Ball 2-0: Fly out, F7 (Flyball, 78D, EV 88.8 MPH) Runner from 3rd tags up, SCORES, throw by LF
|
Batting: RHB Tim Cordle
|
0-0: Ball 1-0: Ball 2-0: Foul Ball, location: 2F 2-1: Ball Wild Pitch! Shannon Beck to third 3-1: Foul Ball, location: 2F 3-2: Strikes out swinging
|
Batting: LHB Alejandro Muniz
|
0-0: Called Strike 0-1: SINGLE (Line Drive, 56D, EV 106.2 MPH) Shannon Beck scores
|
Batting: RHB Travis Robinson
|
0-0: Swinging Strike 0-1: Called Strike 0-2: Ball 1-2: Foul Ball, location: 2F 1-2: Foul Ball, location: 2F 1-2: Fly out, F8 (Flyball, 8RM, EV 97.5 MPH)
|
Bottom of the 2nd over - 3 runs, 2 hits, 0 errors, 1 left on base; Amarillo 0 - Oakland 9 |
TOP OF THE 3RD |
Amarillo ThunderHeads batting - Pitching for Oakland Oaks : RHP Roberto Benavides
|
Batting: RHB Eric Juarez
|
0-0: Called Strike 0-1: Foul Ball, location: 2F 0-2: Ball 1-2: Foul Ball, location: 2F 1-2: Foul Ball, location: 2F 1-2: Strikes out swinging
|
Batting: SHB Tyler Romo
|
0-0: Ball 1-0: Foul Ball, location: 2F 1-1: Foul Ball, location: 2F 1-2: Strikes out swinging
|
Batting: RHB Torsten Fisher
|
0-0: Ball 1-0: Called Strike 1-1: Ball 2-1: Ground out 6-3 (Groundball, 6M, EV 103.1 MPH)
|
Top of the 3rd over - 0 runs, 0 hits, 0 errors, 0 left on base; Amarillo 0 - Oakland 9 |
BOTTOM OF THE 3RD |
Oakland Oaks batting - Pitching for Amarillo ThunderHeads : LHP Loo Lei
|
Batting: RHB Larry Clark
|
0-0: Ball 1-0: Foul Ball, location: 2F 1-1: Foul Ball, location: 2F 1-2: Ball 2-2: Fly out, F7 (Flyball, 7, EV 83.8 MPH)
|
Batting: RHB Chris Bohm
|
0-0: Swinging Strike 0-1: SINGLE (Groundball, 34D, EV 97.5 MPH)
|
Batting: RHB Scott Lister
|
0-0: Called Strike 0-1: Ball 1-1: Called Strike 1-2: Grounds into double play, 5-4-3 (Groundball, 56S, EV 89.4 MPH)
|
Bottom of the 3rd over - 0 runs, 1 hit, 0 errors, 0 left on base; Amarillo 0 - Oakland 9 |
TOP OF THE 4TH |
Amarillo ThunderHeads batting - Pitching for Oakland Oaks : RHP Roberto Benavides
|
Batting: SHB Zack Barton
|
0-0: Foul Ball, location: 2F 0-1: Fly out, F9 (Flyball, 89D, EV 89.4 MPH)
|
Batting: LHB Santino Pisanello
|
0-0: Ball 1-0: Foul Ball, location: 2F 1-1: Swinging Strike 1-2: Ball 2-2: Ball 3-2: Fly out, F9 (Flyball, 9LS, EV 83.1 MPH)
|
Batting: RHB Jerry Foster
|
0-0: Called Strike 0-1: Ball 1-1: Called Strike 1-2: Ball 2-2: Foul Ball, location: 2F 2-2: Strikes out swinging
|
Top of the 4th over - 0 runs, 0 hits, 0 errors, 0 left on base; Amarillo 0 - Oakland 9 |
BOTTOM OF THE 4TH |
Oakland Oaks batting - Pitching for Amarillo ThunderHeads : LHP Loo Lei
|
Batting: SHB D.J. Codd
|
0-0: Ball 1-0: Swinging Strike 1-1: Reached on error, E4 (Groundball, 4, EV 76.9 MPH)
|
Batting: RHB Shannon Beck
|
0-0: Ball 1-0: Foul Ball, location: 2F 1-1: Ground out 4-3 (Groundball, 4, EV 82.5 MPH) D.J. Codd to third
|
Batting: RHB Todd Vanasco
|
0-0: Ball 1-0: Called Strike 1-1: Swinging Strike 1-2: Strikes out swinging
|
Batting: RHB Tim Cordle
|
0-0: Ball 1-0: Foul Ball, location: 2F 1-1: DOUBLE (Line Drive, 78D, EV 102.5 MPH) D.J. Codd scores
|
Batting: LHB Alejandro Muniz
|
0-0: Ball 1-0: Ball 2-0: Called Strike 2-1: Called Strike 2-2: Ground out 5-3 (Groundball, 5, EV 93.1 MPH)
|
Bottom of the 4th over - 1 run, 1 hit, 1 error, 1 left on base; Amarillo 0 - Oakland 10 |
TOP OF THE 5TH |
Amarillo ThunderHeads batting - Pitching for Oakland Oaks : RHP Roberto Benavides
|
Batting: RHB Sal Cervantes
|
0-0: Foul Ball, location: 2F 0-1: Foul Ball, location: 2F 0-2: Ball 1-2: Ball 2-2: Strikes out swinging
|
Batting: RHB Bill Flannery
|
0-0: Foul Ball, location: 2F 0-1: Swinging Strike 0-2: Foul Ball, location: 2F 0-2: Ball 1-2: Strikes out swinging
|
Batting: RHB Elias Sagrero
|
0-0: Ball 1-0: Ball 2-0: Called Strike 2-1: Ground out 5-3 (Groundball, 56S, EV 91.2 MPH)
|
Top of the 5th over - 0 runs, 0 hits, 0 errors, 0 left on base; Amarillo 0 - Oakland 10 |
BOTTOM OF THE 5TH |
Oakland Oaks batting - Pitching for Amarillo ThunderHeads : LHP Loo Lei
|
Batting: RHB Travis Robinson
|
0-0: Ball 1-0: Called Strike 1-1: Swinging Strike 1-2: Foul Ball, location: 2F 1-2: Ball 2-2: Foul Ball, location: 2F 2-2: Fly out, F9 (Flyball, 9D, EV 88.8 MPH)
|
Batting: RHB Larry Clark
|
0-0: Ground out 6-3 (Groundball, 6M, EV 85.0 MPH)
|
Batting: RHB Chris Bohm
|
0-0: Called Strike 0-1: Foul Ball, location: 2F 0-2: Ball 1-2: Foul Ball, location: 2F 1-2: Ball 2-2: Foul Ball, location: 2F 2-2: Ball 3-2: Base on Balls
|
Batting: RHB Scott Lister
|
0-0: Foul Ball, location: 2F 0-1: Ball 1-1: Ball 2-1: Swinging Strike 2-2: Ball 3-2: Foul Ball, location: 2F 3-2: Base on Balls Chris Bohm to second
|
Pitching: RHP Javier Carrasco
|
|
Batting: SHB D.J. Codd
|
0-0: Ball 1-0: Ball Passed Ball! Chris Bohm to third Scott Lister to second 2-0: Ball 3-0: Called Strike 3-1: Base on Balls
|
Batting: RHB Shannon Beck
|
0-0: Ball 1-0: Foul Ball, location: 2F 1-1: Swinging Strike 1-2: Ball 2-2: Ball 3-2: Fly out, F6 (Popup, 6S, EV 69.4 MPH)
|
Bottom of the 5th over - 0 runs, 0 hits, 0 errors, 3 left on base; Amarillo 0 - Oakland 10 |
TOP OF THE 6TH |
Amarillo ThunderHeads batting - Pitching for Oakland Oaks : RHP Roberto Benavides
|
Batting: RHB Eric Juarez
|
0-0: Ball 1-0: Called Strike 1-1: Ball 2-1: SINGLE (Line Drive, 5D, EV 98.1 MPH)
|
Batting: SHB Tyler Romo
|
0-0: Called Strike 0-1: Ball 1-1: Swinging Strike 1-2: Ball 2-2: Foul Ball, location: 2F 2-2: Strikes out looking
|
Batting: RHB Torsten Fisher
|
0-0: Swinging Strike 0-1: Ball 1-1: Swinging Strike Passed Ball! Eric Juarez to second 1-2: Strikes out swinging
|
Batting: SHB Zack Barton
|
0-0: Called Strike 0-1: Ground out 4-3 (Groundball, 4, EV 88.8 MPH)
|
Top of the 6th over - 0 runs, 1 hit, 0 errors, 1 left on base; Amarillo 0 - Oakland 10 |
BOTTOM OF THE 6TH |
Oakland Oaks batting - Pitching for Amarillo ThunderHeads : RHP Javier Carrasco
|
Batting: RHB Todd Vanasco
|
0-0: Called Strike 0-1: Swinging Strike 0-2: Ball 1-2: Ball 2-2: Ball 3-2: Ground out 6-3 (Groundball, 6MD, EV 88.1 MPH)
|
Batting: RHB Tim Cordle
|
0-0: Ball 1-0: Fly out, F8 (Flyball, 8RM, EV 92.5 MPH)
|
Batting: LHB Alejandro Muniz
|
0-0: Ball 1-0: Called Strike 1-1: Ball 2-1: Foul Ball, location: 2F 2-2: Fly out, F6 (Flyball, 6D, EV 83.8 MPH)
|
Bottom of the 6th over - 0 runs, 0 hits, 0 errors, 0 left on base; Amarillo 0 - Oakland 10 |
TOP OF THE 7TH |
Amarillo ThunderHeads batting - Pitching for Oakland Oaks : RHP Roberto Benavides
|
Batting: LHB Santino Pisanello
|
0-0: Ball 1-0: TRIPLE (Flyball, 89XD, EV 95.6 MPH)
|
Batting: RHB Jerry Foster
|
0-0: Ball 1-0: 2-RUN HOME RUN (Line Drive, 9D, EV 105.0 MPH), Distance : 426 ft
|
Pitching: LHP Kevin Barteaux
|
|
Batting: RHB Sal Cervantes
|
0-0: Ground out 2-3 (Groundball, 2R, EV 70.6 MPH)
|
Batting: RHB Bill Flannery
|
0-0: Foul Ball, location: 2F 0-1: Fly out, F8 (Line Drive, 8RD, EV 96.9 MPH)
|
Batting: RHB Elias Sagrero
|
0-0: Called Strike 0-1: Ball 1-1: Foul Ball, location: 2F 1-2: Foul Ball, location: 2F 1-2: Ball 2-2: Foul Ball, location: 2F 2-2: Foul Ball, location: 2F 2-2: Foul Ball, location: 2F 2-2: Ball 3-2: Base on Balls
|
Batting: RHB Eric Juarez
|
0-0: Called Strike 0-1: Swinging Strike 0-2: Ball 1-2: Ground out 4-3 (Groundball, 4, EV 84.4 MPH)
|
Top of the 7th over - 2 runs, 2 hits, 0 errors, 1 left on base; Amarillo 2 - Oakland 10 |
BOTTOM OF THE 7TH |
Oakland Oaks batting - Pitching for Amarillo ThunderHeads : RHP Javier Carrasco
|
Batting: RHB Travis Robinson
|
0-0: DOUBLE (Line Drive, 7LM, EV 90.6 MPH)
|
Pinch Hitting: RHB Antonio Olivares
|
0-0: Called Strike 0-1: Called Strike 0-2: Ground out 6-3 (Groundball, 6M, EV 101.2 MPH) Travis Robinson to third
|
Pinch Hitting: RHB Gabe Secundino
|
0-0: Called Strike 0-1: Ground out 2-3 (Groundball, 2L, EV 71.2 MPH)
|
Pinch Hitting: RHB Emiel Schlepers
|
0-0: Fly out, F3 (Popup, 23F, EV 82.5 MPH)
|
Bottom of the 7th over - 0 runs, 1 hit, 0 errors, 1 left on base; Amarillo 2 - Oakland 10 |
TOP OF THE 8TH |
Amarillo ThunderHeads batting - Pitching for Oakland Oaks : LHP Kevin Barteaux
|
Now at 2B: Antonio Olivares
|
|
Now at SS: Gabe Secundino
|
|
Now in CF: Mike Gangi
|
|
Batting: SHB Tyler Romo
|
0-0: Ball 1-0: Called Strike 1-1: Called Strike 1-2: Ball 2-2: Foul Ball, location: 2F 2-2: Foul Ball, location: 2F 2-2: Ball 3-2: Base on Balls
|
Batting: RHB Torsten Fisher
|
0-0: Called Strike 0-1: Fly out, F8 (Line Drive, 8LD, EV 90.0 MPH)
|
Batting: SHB Zack Barton
|
0-0: Grounds into double play, 6-4-3 (Groundball, 56D, EV 91.2 MPH)
|
Top of the 8th over - 0 runs, 0 hits, 0 errors, 0 left on base; Amarillo 2 - Oakland 10 |
BOTTOM OF THE 8TH |
Oakland Oaks batting - Pitching for Amarillo ThunderHeads : RHP Javier Carrasco
|
Pinch Hitting: RHB Walt Alaniz
|
0-0: Called Strike 0-1: Ball 1-1: Foul Ball, location: 2F 1-2: Foul Ball, location: 2F 1-2: SINGLE (Groundball, 56D, EV 98.1 MPH)
|
Batting: RHB Shannon Beck
|
0-0: Ball 1-0: Foul Ball, location: 2F 1-1: 2-RUN HOME RUN (Flyball, 7D, EV 101.2 MPH), Distance : 388 ft
|
Batting: RHB Todd Vanasco
|
0-0: Ball 1-0: Ball 2-0: Ball 3-0: Base on Balls
|
Pitching: LHP Matt Hawk
|
|
Pinch Hitting: RHB Alberto Malagon
|
0-0: Called Strike 0-1: Ball 1-1: Foul Ball, location: 2F 1-2: Ball 2-2: Ball 3-2: Fly out, F8 (Flyball, 89S, EV 80.0 MPH)
|
Batting: LHB Alejandro Muniz
|
0-0: Foul Ball, location: 2F 0-1: Ball 1-1: Fielders Choice at 2nd, 3-6 (Groundball, 34S, EV 83.1 MPH)
|
Batting: RHB Travis Robinson
|
0-0: Ball 1-0: Swinging Strike 1-1: Called Strike 1-2: Ball 2-2: Fielders Choice at 2nd, 6-4 (Groundball, 56, EV 82.5 MPH)
|
Bottom of the 8th over - 2 runs, 2 hits, 0 errors, 1 left on base; Amarillo 2 - Oakland 12 |
TOP OF THE 9TH |
Amarillo ThunderHeads batting - Pitching for Oakland Oaks : LHP Kevin Barteaux
|
Now at 3B: Alberto Malagon
|
|
Now in LF: Walt Alaniz
|
|
Batting: LHB Santino Pisanello
|
0-0: Called Strike 0-1: Called Strike 0-2: Ball 1-2: Ground out 4-3 (Groundball, 4, EV 102.5 MPH)
|
Batting: RHB Jerry Foster
|
0-0: Ball 1-0: Ball 2-0: Ball 3-0: Called Strike 3-1: Swinging Strike 3-2: Strikes out swinging
|
Batting: RHB Sal Cervantes
|
0-0: Called Strike 0-1: Ball 1-1: Called Strike 1-2: Ball 2-2: Strikes out looking
|
Top of the 9th over - 0 runs, 0 hits, 0 errors, 0 left on base; Amarillo 2 - Oakland 12 |
|